 Dungeon Crawl Stone Soup version 0.18.1-48-g4cf74bf (webtiles) character file.

81 FloraKitsune the Sneak (level 4, -2/34 HPs)
             Began as a Vampire Monk on July 27, 2016.
             Slain by Robin
             ... wielding a +3 spear
              (3 damage)
             ... on level 3 of the Dungeon.
             The game lasted 00:03:03 (2356 turns).

FloraKitsune the Sneak (Vampire Monk)               Turns: 2356, Time: 00:03:04

Health: -2/34      AC:  2    Str: 10    XL:     4   Next: 19%
Magic:  4/4        EV: 14    Int: 12    God:
Gold:   106        SH:  0    Dex: 17    Spells: 0 memorised, 3 levels left

rFire  . . .     SeeInvis +       - Unarmed
rCold  . . .     Gourm    .     a - +0 robe
rNeg   . . .     Faith    .     (no shield)
rPois  .         Spirit   .     (no helmet)
rElec  .         Dismiss  .     (no cloak)
rCorr  .         Reflect  .     (no gloves)
SustAt .         Harm     .     (no boots)
MR     .....                    (no amulet)
Stlth  ++++......               (no ring)
                                (no ring)

@: regenerating very quickly, not resistant to hostile enchantments, stealthy
A: fangs 3, see invisible, unbreathing
a: no special abilities


You were on level 3 of the Dungeon.
You were almost alive.

You visited 1 branch of the dungeon, and saw 3 of its levels.

You collected 106 gold pieces.

Inventory:

Armour
 a - a +0 robe (worn)
Wands
 l - a wand of disintegration (13/24)
Scrolls
 c - 2 scrolls of remove curse {unknown}
 e - a scroll of teleportation {unknown}
 f - 3 scrolls of recharging {unknown}
 h - a scroll of fear {unknown}
 k - a scroll of identify {unknown}
 m - a scroll of magic mapping {unknown}
Potions
 i - a potion of cure mutation {unknown}
 j - a potion of haste {unknown}


   Skills:
 - Level 2.6 Fighting
 + Level 3.8 Dodging
 * Level 6.4 Stealth
 - Level 4.3 Unarmed Combat


You had 3 spell levels left.
You didn't know any spells.

Dungeon Overview and Level Annotations

Branches:
Dungeon (3/15)

Altars:
Trog
The Shining One

Annotations:
D:3 Grinder, Robin, Sigmund


Innate Abilities, Weirdness & Mutations

Your natural rate of healing is extremely fast.
You have razor-sharp teeth.
You have supernaturally acute eyesight.
You can survive without breathing.


Message History

Robin is moderately wounded.
Robin hits you with an enchanted spear.
You closely miss Robin.
Robin is moderately wounded.
Sigmund closely misses you. Robin hits you with an enchanted spear.
You barely miss Robin.
Robin is moderately wounded.
Robin completely misses you.
Sigmund hits you from afar with a scythe!
* * * LOW HITPOINT WARNING * * *
You hit Robin.
Robin is moderately wounded.
Robin hits you with an enchanted spear.
* * * LOW HITPOINT WARNING * * *
Robin barely misses you.
Items here: ( ))) †† Drink which item? (? for menu, Esc to quit)
It was a potion of cancellation.
You feel magically purged.
Robin hits you from afar with an enchanted spear.
You die...

............'.................#..
#...........#.#.#######....#.####
#...........#.#.# .<...#.
..#########.#.#.# ##.#..## ..
#.#.#.# .>. .. #.#.#.#########..#
.# #.#.#............# .
#.#.######..(.##. #.# #.@.g@....#
#.# #.###...>.# #.# #. #.....# #.
#.####### #.###gg......
#....g....... #............
#............ #..).........


You could see Sigmund (invisible) and Robin.

Vanquished Creatures
  3 adders (D:2)
  A worm (D:2)
  6 bats
  3 giant cockroaches
  13 goblins
  4 hobgoblins
  5 jackals (D:2)
  4 kobolds
  A quokka (D:2)
  3 giant newts
  5 rats
48 creatures vanquished.

Notes
Turn   | Place    | Note
--------------------------------------------------------------
     0 | D:1      | FloraKitsune the Vampire Monk began the quest for the Orb.
     0 | D:1      | Reached XP level 1. HP: 17/17 MP: 1/1
   156 | D:1      | Reached skill level 4 in Stealth
   160 | D:1      | Reached XP level 2. HP: 17/23 MP: 2/2
   935 | D:2      | Reached skill level 5 in Stealth
   953 | D:2      | Reached XP level 3. HP: 24/28 MP: 3/3
   969 | D:2      | Found a glowing golden altar of the Shining One.
  1353 | D:2      | Found a bloodstained altar of Trog.
  1406 | D:2      | Reached skill level 6 in Stealth
  2103 | D:3      | Noticed Robin
  2103 | D:3      | Noticed Grinder
  2144 | D:3      | Reached XP level 4. HP: 18/34 MP: 4/4
  2321 | D:3      | Noticed Sigmund
  2354 | D:3      | HP: 1/34 [Robin/enchanted spear (5)]
  2356 | D:3      | Slain by Robin

Skill      XL: |  1  2  3 |
---------------+----------+-----
Stealth        | 4 5 6 |  6.4
Fighting       | |  2.6
Dodging        | |  3.8
Unarmed Combat | |  4.3

Action                   |  1- 3 |  4- 6 || total
-------------------------+-------+-------++-------
Melee: Unarmed           |   134 |    37 ||   171
       Bite              |    12 |     2 ||    14
       Punch             |     5 |     1 ||     6
  Use: Potion            |     1 |    13 ||    14
 Stab: Sleeping          |     7 |       ||     7
Armor: Robe              |    26 |     9 ||    35
Dodge: Dodged            |    97 |    33 ||   130
